[Event "51st Rilton Cup 2023-24"]
[Site "Stockholm"]
[Date "2024.01.04"]
[Round "8.2"]
[White "Blomqvist, Erik"]
[Black "Sokolovsky, Yahli"]
[Result "0-1"]
[ECO "C84"]
[WhiteElo "2521"]
[BlackElo "2443"]
[Annotator "TA"]
[PlyCount "130"]
[EventDate "2023.12.27"]
[EventType "swiss"]
[EventCountry "SWE"]
[SourceTitle "playchess.com"]
[Source "ChessBase"]
[SourceQuality "1"]
[TimeControl "40/5400+30:1800+30"]

1. e4 e5 2. Nf3 Nc6 3. Bb5 a6 4. Ba4 Nf6 5. O-O Be7 6. d3 b5 7. Bb3 d6 8. a4 Bd7 9. Be3 {[%emt 0:01:05] C84: Closed Ruy Lopez: Unusual White 6th moves.} O-O 10. axb5 {[%emt 0:00:29] 10.h3 is not played anymore.} axb5 11. Nc3 {[%emt 0:00:08] The position is equal.} Na5 {[%emt 0:15:25] 11...Rxa1 is the recent fashion.} 12. Nd5 Nxd5 13. Bxd5 c6 14. Ba2 c5 15. Bd5 Nc6 16. c3 Rxa1 17. Qxa1 {[%emt 0:00:14] [#]} Qc8 $146 ({Predecessor:} 17... Bf6 18. Qa6 Qc8 19. Ra1 Qc7 20. h3 h6 21. Nh2 Rb8 22. Ng4 Be7 23. Qa2 Be8 {1-0 Yu,Y (2714)-Salem,A (2639) Sharjah Alef Blitz 2023 (3)}) 18. Qa2 Bf6 19. Ng5 Be8 20. f4 (20. Ra1 {simplifies} Ne7 21. Qa8 Qxa8 22. Bxa8 h6 23. Nf3) 20... Qg4 21. Nh3 Qe2 22. Bc1 Ne7 23. Bb3 {[%emt 0:02:53] And now Qb1 would win.} (23. Nf2 $5 ) 23... Qxd3 24. Nf2 Qe2 25. Bd1 Qc4 26. Bb3 Qe2 27. Bd1 $36 {[%emt 0:00:41][%mdl 2048] White has good play.} Qc4 28. Qxc4 (28. Bb3 $5 Qe2 $8 $11) 28... bxc4 29. Be2 Bb5 30. Ng4 Ng6 31. Nxf6+ gxf6 32. fxe5 fxe5 33. Rd1 Ra8 $1 34. Rxd6 {[%emt 0:00:05] Black must now prevent Kf2.} Ra1 35. Rd1 Bc6 36. Bxc4 Bxe4 37. Kf2 Nf4 38. Rd8+ Kg7 39. Bxf4 exf4 $16 {[%emt 0:00:02][%mdl 4096] Endgame KRB-KRB} 40. Rd7 Rb1 41. Rxf7+ ({Not} 41. Bxf7 Rxb2+ 42. Ke1 Rb7 43. Be8+ (43. Rxb7 Bxb7 44. Bc4 Bxg2 $17) 43... Rxd7 44. Bxd7 Bxg2 $17) 41... Kh6 42. Rf6+ (42. Rxf4 $16 Rxb2+ 43. Ke3 Bxg2 44. Be2) 42... Kg5 $11 43. Rb6 Rc1 44. Be2 Rc2 45. Ke1 Rc1+ 46. Kf2 Rc2 47. Ke1 Rc1+ 48. Kd2 Rh1 49. Rb5 Rxh2 {[%emt 0:01:17][%cal Of4f3] [#] ...f3! would be deadly.} 50. Rxc5+ Kf6 51. Rc4 Ke5 52. Rc5+ Kd6 53. b4 {[%emt 0:01:56][%mdl 8192] White does not recover from this.} (53. Rc4 $11 Kd5 54. Rc8 (54. Rd4+ Ke5 $11)) 53... f3 $1 $19 ({And not} 53... Rxg2 54. Ke1 $11) 54. gxf3 Bxf3 55. Ke3 Bxe2 {[%emt 0:00:09] KRB-KR} 56. Rf5 Bh5 57. Rf6+ $2 (57. Ra5) 57... Ke5 58. Rh6 Rh3+ {[%emt 0:00:08][%mdl 64] [#] Skewer} 59. Kf2 Bg4 60. Rxh3 Bxh3 {[%emt 0:00:04] KB-KPP. Black mates.} 61. Kg3 Bf1 62. Kg4 Kf6 63. Kh5 Kg7 64. Kg5 h6+ 65. Kf5 Ba6 {[%emt 0:02:17] Weighted Error Value: White=0.40/Black=0.04 (flawless)} 0-1

[Event "51st Rilton Cup 2023-24"]
[Site "Stockholm"]
[Date "2024.01.04"]
[Round "8.3"]
[White "Chasin, Nico"]
[Black "Parkhov, Yair"]
[Result "1/2-1/2"]
[ECO "A53"]
[WhiteElo "2444"]
[BlackElo "2495"]
[Annotator "TA"]
[PlyCount "116"]
[EventDate "2023.12.27"]
[EventType "swiss"]
[EventCountry "SWE"]
[SourceTitle "playchess.com"]
[Source "ChessBase"]
[SourceQuality "1"]
[TimeControl "40/5400+30:1800+30"]

1. c4 e5 2. Nc3 d6 3. d4 exd4 4. Qxd4 Nc6 5. Qd2 Nf6 6. e4 g6 7. g3 {[%emt 0:08:24] 7.Bd3 is a critical line.} Bg7 8. Bg2 O-O {[%emt 0:00:44] A53: Old Indian Defence without Nf3.} 9. Nge2 Ne5 10. b3 Bh3 {[%emt 0:02:56][%mdl 64] [#] Deflection. White has an edge.} 11. O-O Bxg2 (11... a5 {feels hotter.} 12. Qc2 Qd7 13. Bb2 Bxg2 14. Kxg2 a4) 12. Kxg2 {[%emt 0:00:42] [#]} Re8 $146 ({Predecessor:} 12... a6 13. Bb2 b5 14. cxb5 axb5 15. f3 c6 16. Rfd1 d5 17. f4 Neg4 18. h3 b4 19. hxg4 bxc3 20. Nxc3 Nxg4 21. exd5 cxd5 22. Nxd5 {0-1 Kashlyak,A-Tarnowiecki,H EU-ch M937 corr 1991}) 13. Bb2 a6 14. f3 Ned7 (14... b5 $11) 15. Rac1 Nc5 16. b4 Ncd7 17. a3 a5 18. Nb5 axb4 19. axb4 Ne5 20. Rc2 Qd7 (20... Qe7 $11 {is superior.}) 21. Nf4 Rad8 22. Rd1 h5 (22... Nxf3 23. Kxf3 Nxe4 24. Qc1 $14) 23. Qe2 {[%emt 0:07:32] Active counter play!} Qe7 $2 (23... h4 $1 $11 {and Black is okay.}) 24. c5 $18 {[%emt 0:02:21][%mdl 64] Deflection} dxc5 (24... Rd7 $16 25. cxd6 cxd6) 25. Bxe5 ({Worse is} 25. bxc5 Rxd1 26. Qxd1 g5 $11) 25... Qxe5 26. Rxc5 Qe7 27. Nxc7 ({White must play} 27. Rxc7 $18 Qf8 28. Rxd8 (28. Rxb7 Rxd1 29. Qxd1 Rd8 $16) 28... Rxd8 29. Qa2 (29. Rxb7 Qxb4 30. Nd3 Qc4 $11)) 27... Rxd1 $16 28. Nxe8 Rb1 $2 (28... Rd7) 29. Qc2 $18 Ra1 30. Nxg7 Kxg7 31. Qb2 Ra6 32. Nd5 Qd8 33. Rc7 b5 34. f4 (34. Qd4 $18 {[%cal Oe4e5] is more deadly. Threatens to win with e5!} Qa8 35. Kh3) 34... Qa8 $2 {[%emt 0:01:03] Black is weak on the dark squares} (34... Qe8 $16 {keeps fighting.} 35. Nxf6 Rxf6) 35. Qe5 Qd8 36. Qc3 Qd6 $2 (36... Qe8 37. Re7 Qd8) 37. Qxf6+ Qxf6 38. Nxf6 Kxf6 {[%emt 0:00:30][%mdl 4096] Endgame KR-KR} 39. Rb7 Ra2+ 40. Kh3 Rb2 41. Rxb5 Kg7 42. Rb6 (42. Rb7 $142) 42... f6 43. Rb7+ Kh6 44. Rb6 Kg7 45. g4 hxg4+ $2 (45... Re2 $16 {was worth a try.} 46. Rb7+ Kf8 47. gxh5 gxh5) 46. Kxg4 Rxh2 (46... Kf7 $142 47. h4 Rg2+ 48. Kf3 Rc2) 47. b5 Rh5 48. Rb7+ Kh6 49. Kg3 Rc5 50. b6 g5 51. f5 Rc3+ {[%emt 0:00:48] [#]} 52. Kg4 $2 (52. Kf2 $1 $18 {Rb8 would be deadly.} Rb3 53. Rb8) 52... Rb3 $2 (52... Re3 $14) 53. Rb8 Rb4 54. b7 $2 (54. Kg3 $18 Rb3+ 55. Kg4) 54... Rxb7 $1 $11 {[%emt 0:00:06] The position is equal.} 55. Rg8 {[%emt 0:00:00] And now Rg6+ would win.} Rg7 {[%emt 0:01:42] Wards off Rg6+} 56. Rf8 Rf7 57. Rg8 Rg7 58. Rd8 {[%emt 0:00:00] Rd6 is the strong threat.} (58. Rf8 $5 Rf7 $8 59. Rg8 $11) 58... Rd7 {[%emt 0:00:20] Wards off Rd6. A fantastic game!   Weighted Error Value: White=0.48/Black=0.50} 1/2-1/2

[Event "51st Rilton Cup 2023-24"]
[Site "Stockholm"]
[Date "2024.01.04"]
[Round "8.4"]
[White "Socko, Bartosz"]
[Black "Bailet, Pierre"]
[Result "1-0"]
[ECO "D02"]
[WhiteElo "2550"]
[BlackElo "2492"]
[Annotator "TA"]
[PlyCount "101"]
[EventDate "2023.12.27"]
[EventType "swiss"]
[EventCountry "SWE"]
[SourceTitle "playchess.com"]
[Source "ChessBase"]
[SourceQuality "1"]
[TimeControl "40/5400+30:1800+30"]

1. d4 d5 2. Nf3 Nf6 3. Bf4 e6 4. e3 c5 5. Nbd2 Bd6 (5... Nc6 $5 ) 6. dxc5 {[%emt 0:00:19] D02: 1 d4 d5 2 Nf3 sidelines, including 2...Nf6 3 g3 and 2...Nf6 3 Bf4.} Bxc5 7. Bd3 Nc6 8. O-O {[%emt 0:00:10] The position is equal.} Bd6 9. Bxd6 Qxd6 10. c4 O-O {[%emt 0:03:28] [#]} 11. Qb3 $146 ({Predecessor:} 11. Rc1 Rd8 12. a3 dxc4 13. Bxc4 Bd7 14. Qe2 Rac8 15. Rfd1 Ne5 16. Nxe5 Qxe5 17. Nf3 Qc7 18. Qe1 Qb6 19. Qe2 Qc7 20. Qe1 Qb6 21. Qe2 Qc7 {½-½ Demchenko,A (2655)-Nakamura,H (2745) FIDE Chess.com Grand Swiss 2019 (3)}) 11... Na5 12. Qc3 Nxc4 13. Bxc4 dxc4 14. Nxc4 Qc7 15. Rac1 b6 16. Qa3 Bb7 17. Nd6 {[%emt 0:09:04] Against Rac8} Qe7 18. Ne5 Ne4 19. Nxb7 Qxb7 20. f3 Nf6 21. Nc6 b5 22. Rfd1 {[%emt 0:02:46] Black is weak on the dark squares} Rfe8 23. e4 h6 24. Qd6 Kh7 25. Kf1 Rac8 26. Na5 Qb6 (26... Qa8 $1 $11) 27. Qxb6 $16 axb6 28. Nb7 b4 29. Nd6 Rxc1 30. Rxc1 {[%emt 0:00:06][%mdl 4096] Endgame KRN-KRN} Ra8 {[%emt 0:00:59] [#]} 31. Rc4 $1 ({Much weaker is} 31. Nxf7 Rxa2 32. b3 Nh5 $11) 31... Rxa2 32. Rxb4 Kg6 33. Rxb6 {[%emt 0:00:06] Strongly threatening Rb7.} Ra1+ ({Black should play} 33... Nd7 34. Rb5 Ra1+ 35. Ke2 Rg1) 34. Kf2 {[%emt 0:00:20] Rb7 is the strong threat.} Rc1 (34... Nd7 $16 35. Rb7 Nc5) 35. g4 (35. h4 $18) 35... h5 (35... Nd7 $1 $11 36. Rb7 Ne5) 36. gxh5+ {[%emt 0:11:10] White now steadily converts the win.} Nxh5 37. b4 {[%emt 0:00:13][%cal Bb2b4,Bb4b5,Bb5b6,Bb6b7][%mdl 32] aiming for b5.} Rc2+ (37... Rc3 $142) 38. Ke3 Rxh2 $2 (38... Rc3+ 39. Kd4 Rxf3) 39. b5 $18 Rb2 40. Rc6 Rb3+ $2 (40... Nf6 41. b6 Rb3+ 42. Kd4 Rb1) 41. Kd4 Nf6 42. b6 {[%emt 0:00:00] Hoping for e5.} Nd7 $2 (42... Rb1 43. b7 Ne8) 43. b7 {[%emt 0:00:00] White is clearly winning.} Rb1 44. Ke3 Rb3+ 45. Kd2 Kf6 (45... e5 $142 46. Rc7 Nb8 47. Nxf7 Na6) 46. Rc7 Ke7 {[%emt 0:00:38] [#]} 47. Nxf7 $1 {[%emt 0:00:00][%mdl 576] Decoy} Kxf7 (47... Ke8 48. e5) 48. Rxd7+ Kf6 49. Kc2 Rb5 50. Kc3 g5 51. Kc4 {[%emt 0:00:00] Weighted Error Value: White=0.16 (very precise) /Black=0.38} 1-0

[Event "51st Rilton Cup 2023-24"]
[Site "Stockholm"]
[Date "2024.01.04"]
[Round "8.5"]
[White "Raja Rithvik R"]
[Black "Kulaots, Kaido"]
[Result "1/2-1/2"]
[ECO "E62"]
[WhiteElo "2500"]
[BlackElo "2524"]
[Annotator "TA"]
[PlyCount "68"]
[EventDate "2023.12.27"]
[EventType "swiss"]
[EventCountry "SWE"]
[SourceTitle "playchess.com"]
[Source "ChessBase"]
[SourceQuality "1"]
[TimeControl "40/5400+30:1800+30"]

1. d4 Nf6 2. c4 g6 3. g3 Bg7 4. Bg2 O-O 5. Nc3 d6 6. Nf3 c6 7. O-O Bf5 8. Ne1 {[%emt 0:01:02] seems to push 8.Nh4 aside.} e5 9. d5 {[%emt 0:00:26] E62: King's Indian: Fianchetto: 6...c6 and Panno Variation (6...Nc6) without ...a6.} a5 10. e4 Bg4 11. f3 {[%emt 0:04:16] White is slightly better.} Bd7 12. Be3 (12. Bg5 {looks sharper.} Qb6+ 13. Rf2 h6 14. Bd2) 12... cxd5 13. cxd5 Na6 {[%emt 0:07:54] [#]} 14. Qe2 $146 ({Predecessor:} 14. Nd3 b5 15. a3 Qb8 16. b4 Rc8 17. Qd2 axb4 18. axb4 Rc4 19. Rfb1 h5 20. Bf1 {1-0 Hnydiuk,A (2394)-Swiercz,D (2664) Titled Tuesday intern op 26th Apr Late blitz 2022 (4)}) 14... Nh5 15. Nc2 f5 16. Bf2 Nf6 17. Ne3 fxe4 18. fxe4 Nc5 19. Nc4 Qc7 20. Rac1 ({Better is} 20. a4 $11) 20... Bh6 $15 21. Be3 Bxe3+ 22. Nxe3 Rab8 23. Nb1 b5 (23... Qb6 $5 24. Nc4 Qa7 $15) 24. Nd2 Qb6 25. Kh1 Kg7 26. Bf3 Rf7 27. Bg4 Rbf8 28. Bxd7 {[%emt 0:00:09] The position is equal.} Ncxd7 29. Rc6 Qd4 30. Nc2 $1 Qxb2 {[%emt 0:04:42] [#] aiming for ...Nc5.} 31. Rb1 $1 Qxa2 {[%emt 0:00:11] Strongly threatening ...Nc5.} 32. Ra1 Qb2 {[%emt 0:00:14] ...Nc5 is the strong threat.} 33. Rb1 Qa2 {[%emt 0:00:40] Hoping for ...Nc5.} 34. Ra1 Qb2 {[%emt 0:00:45] Weighted Error Value: White=0.14 (very precise) /Black=0.11 (very precise)} 1/2-1/2

[Event "51st Rilton Cup 2023-24"]
[Site "Stockholm"]
[Date "2024.01.04"]
[Round "8.6"]
[White "Gorshtein, Ido"]
[Black "Rozentalis, Eduardas"]
[Result "1/2-1/2"]
[ECO "E04"]
[WhiteElo "2523"]
[BlackElo "2454"]
[Annotator "TA"]
[PlyCount "123"]
[EventDate "2023.12.27"]
[EventType "swiss"]
[EventCountry "SWE"]
[SourceTitle "playchess.com"]
[Source "ChessBase"]
[SourceQuality "1"]
[TimeControl "40/5400+30:1800+30"]

1. d4 Nf6 2. c4 e6 3. g3 d5 4. Nf3 dxc4 5. Bg2 Bd7 6. Ne5 Bc6 7. Nxc6 Nxc6 8. O-O Qd7 {[%emt 0:00:59] E04: Open Catalan: 5 Nf3.} 9. e3 Rd8 10. Qe2 {[%emt 0:00:31] 10.Qc2 gains popularity.} e5 {[%emt 0:04:29] White has an edge.} 11. Qxc4 exd4 12. Qb5 Be7 (12... Rb8 $11) 13. Qxb7 $14 Nd5 14. exd4 Nxd4 15. Nc3 {[%emt 0:02:51] [#]} c6 $146 ({Predecessor:} 15... Nxc3 16. bxc3 Ne2+ 17. Kh1 O-O 18. Qxa7 Bf6 19. Be3 Bxc3 20. Rab1 Bd4 21. Bxd4 Nxd4 {½-½ Van Seben,E (2505)-Baklanov,V (2383) WC-2014-S-00001 2018}) 16. Qxd7+ Rxd7 17. Nxd5 cxd5 18. Rd1 Bf6 19. Re1+ Ne6 20. Bh3 Rd6 21. Bf4 Rb6 22. Be5 Bxe5 23. Rxe5 Rxb2 24. Rxd5 O-O 25. Ra5 Rb7 26. Bg2 Rc7 27. Rb1 Rd8 28. h4 g6 29. Rb2 Kg7 30. Bf3 Nd4 31. Bd5 Rd6 32. Kg2 h5 33. Rb4 Ne6 34. Be4 Rd4 35. Rxd4 Nxd4 $11 {[%emt 0:00:04][%mdl 4096] Endgame KRB-KRN} 36. Bd5 Kf6 37. Ba8 Ne6 38. Kf3 Re7 39. Be4 Nd4+ 40. Ke3 Nf5+ 41. Kd3 Nd6 42. Bf3 Rc7 43. Ra4 Ke5 44. Ra5+ Kf6 45. Bd5 Nf5 46. Ra6+ Ke7 47. Bc6 Nh6 {[%emt 0:02:00] The position is equal.} 48. Bf3 Ng8 49. Ra4 Nf6 50. Kd4 Rd7+ 51. Kc4 Ng4 52. Bxg4 hxg4 {[%emt 0:00:03] KR-KR} 53. Kc3 f5 54. Ra6 Kf7 55. a4 Kg7 56. Re6 Kh6 57. Rc6 Rb7 58. Ra6 f4 59. gxf4 Rf7 60. Kd3 Rxf4 61. Ke2 Kh5 62. Rxa7 {[%emt 0:00:10] Weighted Error Value: White=0.06 (flawless) /Black=0.06 (flawless)} 1/2-1/2

[Event "51st Rilton Cup 2023-24"]
[Site "Stockholm"]
[Date "2024.01.04"]
[Round "8.7"]
[White "Prraneeth Vuppala"]
[Black "Aradhya, Garg"]
[Result "1-0"]
[ECO "D37"]
[WhiteElo "2515"]
[BlackElo "2390"]
[Annotator "TA"]
[PlyCount "81"]
[EventDate "2023.12.27"]
[EventType "swiss"]
[EventCountry "SWE"]
[SourceTitle "playchess.com"]
[Source "ChessBase"]
[SourceQuality "1"]
[TimeControl "40/5400+30:1800+30"]

1. d4 d5 2. c4 e6 3. Nf3 Nf6 4. Nc3 Be7 5. Bf4 O-O 6. e3 c5 7. dxc5 Bxc5 8. Qc2 Nc6 9. a3 Qa5 10. Rd1 $1 {[%emt 0:06:21] 10.Rd1 is better than 10.0-0-0.} h6 {[%emt 0:05:32] D37: Queen's Gambit Declined: 5 Bf4.} 11. Be2 (11. b4 Nxb4 12. Qa4 (12. axb4 Bxb4 13. Rc1 Ne4 $17) 12... Nc6 13. Qxa5 Nxa5 14. cxd5 Bxa3 $17) 11... dxc4 12. Bxc4 {[%emt 0:00:36] [#]} Nh5 $146 (12... Bd7 $14) ({Predecessor:} 12... Be7 13. O-O Nh5 14. Bd6 Nf6 15. b4 Qh5 16. Bg3 e5 17. Be2 Bf5 18. Qb2 Bg4 {1-0 Ivic,V (2571)-Vogel,R (2441) EU-ch 21st Reykjavik 2021 (6)}) 13. b4 $16 {[%emt 0:10:15] White is more active.} Nxb4 14. axb4 Qxb4 15. Ne5 {[%emt 0:08:32] 0-0 would be deadly.} Nxf4 16. exf4 f6 (16... Bd6 {was necessary.}) 17. Rb1 $18 Qa5 18. Rb5 (18. Ng6 $18) 18... Qa1+ $16 {[%emt 0:01:21] [#]} 19. Nd1 $1 Bb6 (19... Bxf2+ $16 20. Qxf2 (20. Kxf2 fxe5 21. Ke2 Qd4 $14) 20... a6) 20. Ng6 $18 Ba5+ 21. Ke2 Rd8 22. Bd3 (22. Ne3 $142 Qxh1 23. Rxa5) 22... Bd7 23. Rxb7 {[%emt 0:08:54] aiming for Qc4.} Bb6 (23... Rab8 {was worth a try.} 24. Ne7+ (24. Rxa7 Ba4 $11) 24... Kh8 25. Ng6+ (25. Rxa7 Be8 $18) 25... Kg8 26. Ne7+ (26. Rxa7 Ba4 $11) 26... Kh8 27. Rxb8 (27. Rxa7 Be8 $16) (27. Ng6+ Kg8 $18) 27... Rxb8) 24. Bc4 {[%emt 0:04:49][%cal Ob7d7] [#] And now Rxd7! would win.} Bc8 25. Rf1 (25. Ne7+ Kh8 $18) 25... Rd6 $2 (25... Bxb7 $2 26. Bxe6+ Kh7 27. Nf8+ Kh8 28. Qh7#) (25... Qa5 26. Ne3 Qd2+ 27. Qxd2 Rxd2+ 28. Kxd2 Bxb7 29. Bxe6+ Kh7) 26. Ne3 {[%emt 0:01:35] Strongly threatening Re7.} Qa5 27. Ne7+ Kh8 28. Ng6+ Kg8 29. Ne7+ Kh8 30. Nxc8 Rxc8 31. Qg6 Bc7 (31... Rg8 $142 32. Rd1 Rxd1 33. Nxd1 Qa4) 32. Bd3 f5 {[%emt 0:00:14] White must now prevent ...Qa2+.} 33. Nc4 Qa2+ 34. Rb2 Qa4 {[%emt 0:00:02][%cal Od6d3] Hoping for ...Rxd3!} 35. Nxd6 Bxd6 36. Rfb1 ({Not} 36. Qxe6 Re8 $17) ({Inferior is} 36. Rb7 Rc2+ 37. Bxc2 Qxc2+ 38. Ke1 Qe4+ 39. Kd1 Qxb7 40. Qe8+ (40. Qxe6 Qb5 $11) 40... Kh7 41. Qxe6 Qb5 $11) 36... Bxf4 37. Kf1 ({And not} 37. Qxe6 Re8 $11) 37... Be5 (37... Qd7 $142 38. Ba6 Qe8 39. Qxe8+ Rxe8) 38. Qxe6 Re8 39. Qxf5 {[%emt 0:00:12][%csl Gd3][%cal Rf5h7] White mates.} Kg8 40. Rb7 Bf6 41. Qh7+ {[%emt 0:30:20] A brilliant game!   Weighted Error Value: White=0.98/Black=0.54} 1-0

[Event "51st Rilton Cup 2023-24"]
[Site "Stockholm"]
[Date "2024.01.04"]
[Round "8.8"]
[White "Socko, Monika"]
[Black "Subelj, Jan"]
[Result "1/2-1/2"]
[ECO "D11"]
[WhiteElo "2396"]
[BlackElo "2512"]
[Annotator "TA"]
[PlyCount "68"]
[EventDate "2023.12.27"]
[EventType "swiss"]
[EventCountry "SWE"]
[SourceTitle "playchess.com"]
[Source "ChessBase"]
[SourceQuality "1"]
[TimeControl "40/5400+30:1800+30"]

1. d4 Nf6 2. Nf3 d5 3. g3 c6 4. Bg2 Bf5 5. c4 e6 6. Nc3 h6 7. Qb3 {[%emt 0:00:12] is the new trend. D11: Slav Defence: 3 Nf3 sidelines and 3...Nf6 4 e3 Bg4.} Qb6 8. c5 Qc7 9. Bf4 {[%emt 0:01:53] White is slightly better.} Qc8 10. O-O Be7 11. Rfe1 O-O 12. Nd2 Bh7 13. e4 Rd8 14. Rad1 b6 15. cxb6 axb6 16. Qxb6 g5 {[%emt 0:03:51] [#]} 17. Qc7 $146 ({Predecessor:} 17. Be3 Na6 18. Qb3 Rb8 19. Qc2 Nb4 20. Qb1 c5 21. Nb3 c4 22. Nc1 Qb7 23. f4 Nxe4 24. Nxe4 Bxe4 25. Bxe4 dxe4 26. fxg5 hxg5 {0-1 Gourlay,I (2321)-Subelj,J (2498) Olympiad-44 Chennai 2022 (10.2)}) 17... Qxc7 18. Bxc7 Rc8 19. Bxb8 (19. Be5 $11) 19... Raxb8 20. Nb3 Bb4 21. f3 g4 22. fxg4 $1 Bxe4 23. Bxe4 (23. Nxe4 $11 Nxe4 24. Re2) 23... Bxc3 $15 ({Resist} 23... Nxe4 24. Nxe4 dxe4 25. Rxe4 $16) 24. bxc3 Nxe4 25. Rc1 Ra8 26. Re2 c5 27. Rec2 Ra3 (27... c4 $5 28. Nd2 Nd6 $11) 28. c4 {[%emt 0:01:52] The position is equal.} cxd4 {[%emt 0:00:10] [#] And now ...d3 would win.} 29. cxd5 (29. Nxd4 {simplifies} Rxc4 30. Rxc4 dxc4 31. Rxc4 Nf6 32. Ne2) 29... Rxc2 30. Rxc2 $11 {[%emt 0:00:01] KRN-KRN} d3 31. Rc8+ Kg7 32. dxe6 fxe6 33. Rd8 Rxa2 {[%emt 0:00:14] [#] White must now prevent ...d2.} 34. Rxd3 Nf2 {[%emt 0:00:25] Weighted Error Value: White=0.10 (very precise) /Black=0.06 (flawless)} 1/2-1/2

[Event "51st Rilton Cup 2023-24"]
[Site "Stockholm"]
[Date "2024.01.04"]
[Round "8.9"]
[White "Terrieux, Kevin"]
[Black "Malek, Jan"]
[Result "0-1"]
[ECO "D38"]
[WhiteElo "2432"]
[BlackElo "2434"]
[Annotator "RC"]
[PlyCount "130"]
[EventDate "2023.12.27"]
[EventType "swiss"]
[EventCountry "SWE"]
[SourceTitle "playchess.com"]
[Source "ChessBase"]
[SourceQuality "1"]
[TimeControl "40/5400+30:1800+30"]

1. d4 d5 2. c4 e6 3. Nf3 Nf6 4. Nc3 Nbd7 5. Bg5 Bb4 6. cxd5 exd5 7. e3 c5 8. Bd3 Qa5 9. Qc2 c4 10. Bf5 O-O 11. O-O Re8 12. Nd2 g6 13. Bh3 Kg7 14. Rae1 Ne4 15. Ndxe4 dxe4 16. Bxd7 Bxd7 17. Bf4 Bc6 18. Rc1 Rac8 19. Rfd1 Bd5 20. a3 Bxc3 21. bxc3 Re6 22. Rb1 Qxa3 23. Ra1 Qb3 24. Qd2 Ra6 25. Rxa6 bxa6 26. Bd6 a5 27. Qe1 Qb6 28. Bc5 Qc7 29. Rb1 Rb8 30. Rxb8 Qxb8 31. Qa1 a4 32. h3 Qb3 33. Qa3 Qxa3 34. Bxa3 g5 35. Kh2 h5 36. h4 f6 37. Kg3 Kg6 38. Kh3 Kf7 39. Kg3 Ke6 40. Kh3 Kd7 41. Kg3 Kc6 42. Kh3 Kd7 43. Kg3 Ke6 44. Kh3 Kf5 45. Kg3 Kg6 46. Kh3 a6 47. Kg3 Bc6 48. Kh3 Bd7+ 49. Kg3 Bg4 50. hxg5 fxg5 51. f4 exf3 52. gxf3 Bd7 53. e4 h4+ 54. Kg2 g4 55. f4 Kh5 56. f5 Kg5 57. d5 Kf6 58. d6 Ke5 59. Bc5 Bc6 60. Kh2 a5 61. Ba3 g3+ 62. Kh3 Bxe4 63. f6 Bf5+ 64. Kxh4 g2 65. Bc5 Kxf6 0-1

[Event "51st Rilton Cup 2023-24"]
[Site "Stockholm"]
[Date "2024.01.04"]
[Round "8.10"]
[White "Bronstein, Or"]
[Black "Eggleston, David J"]
[Result "1-0"]
[ECO "E11"]
[WhiteElo "2428"]
[BlackElo "2353"]
[Annotator "RC"]
[PlyCount "69"]
[EventDate "2023.12.27"]
[EventType "swiss"]
[EventCountry "SWE"]
[SourceTitle "playchess.com"]
[Source "ChessBase"]
[SourceQuality "1"]
[TimeControl "40/5400+30:1800+30"]

1. d4 Nf6 2. c4 e6 3. Nf3 Bb4+ 4. Bd2 Qe7 5. g3 Nc6 6. Nc3 Bxc3 7. Bxc3 Ne4 8. Rc1 O-O 9. Bg2 d6 10. d5 Nd8 11. O-O e5 12. Be1 a5 13. Nh4 g5 14. Bxe4 gxh4 15. f4 hxg3 16. Bxg3 Bh3 17. Rf2 f5 18. Bg2 Bg4 19. Rc3 Nf7 20. Qc2 exf4 21. Bxf4 Qf6 22. Bd2 Ne5 23. e4 Kh8 24. h3 Bh5 25. Rxf5 Qg6 26. Bf4 Rxf5 27. exf5 Qf6 28. Rg3 Rg8 29. Qe4 Re8 30. Bg5 Qf7 31. Qh4 Nd7 32. Bh6 Rg8 33. Rxg8+ Kxg8 34. Qd8+ Nf8 35. Qg5+ 1-0

[Event "51st Rilton Cup 2023-24"]
[Site "Stockholm"]
[Date "2024.01.04"]
[Round "8.11"]
[White "Dotzer, Lukas"]
[Black "Jarmula, Lukasz"]
[Result "0-1"]
[ECO "B00"]
[WhiteElo "2338"]
[BlackElo "2425"]
[Annotator "RC"]
[PlyCount "84"]
[EventDate "2023.12.27"]
[EventType "swiss"]
[EventCountry "SWE"]
[SourceTitle "playchess.com"]
[Source "ChessBase"]
[SourceQuality "1"]
[TimeControl "40/5400+30:1800+30"]

1. e4 d6 2. d4 Nf6 3. Nc3 Nc6 4. d5 Nb8 5. h3 c6 6. g4 g6 7. Bg2 Bg7 8. Nge2 h5 9. g5 Nfd7 10. O-O O-O 11. Be3 b5 12. Nd4 b4 13. dxc6 bxc3 14. cxd7 Bxd7 15. e5 cxb2 16. Rb1 Na6 17. Bxa8 Qxa8 18. Qf3 Qc8 19. exd6 e5 20. Nb3 Qxc2 21. Nd2 Rb8 22. Qe4 Qc3 23. Qc4 Qa3 24. Bxa7 Rb4 25. Qd5 Qxh3 26. f4 exf4 27. Rf3 Qg4+ 28. Kf2 Rb5 29. Qa8+ Kh7 30. Ne4 Qh4+ 31. Kg2 Bf5 32. d7 Bxd7 33. Bf2 Qg4+ 34. Kh2 Nc7 35. Qa3 Bc6 36. Qd3 Rb4 37. Nd2 Ne6 38. Rg1 b1=Q 39. Qxb1 Rxb1 40. Rxg4 hxg4 41. Rh3+ gxh3 42. Nxb1 Nxg5 0-1

[Event "51st Rilton Cup 2023-24"]
[Site "Stockholm"]
[Date "2024.01.04"]
[Round "8.12"]
[White "Oratovsky, Michael"]
[Black "Rakesh Kumar Jena"]
[Result "1/2-1/2"]
[ECO "C54"]
[WhiteElo "2421"]
[BlackElo "2335"]
[Annotator "RC"]
[PlyCount "106"]
[EventDate "2023.12.27"]
[EventType "swiss"]
[EventCountry "SWE"]
[SourceTitle "playchess.com"]
[Source "ChessBase"]
[SourceQuality "1"]
[TimeControl "40/5400+30:1800+30"]

1. e4 e5 2. Nf3 Nc6 3. Bc4 Bc5 4. c3 Nf6 5. d3 d6 6. Nbd2 a5 7. Nf1 O-O 8. Ng3 Bd7 9. O-O h6 10. h3 Qb8 11. Bb5 Qa7 12. Nh4 d5 13. Qf3 dxe4 14. dxe4 Qb6 15. a4 Nh7 16. Nh5 Ng5 17. Bxg5 hxg5 18. Nf5 Bxf5 19. Qxf5 g6 20. Nf6+ Kg7 21. Qf3 Nb8 22. Ng4 Qe6 23. Rad1 c6 24. Be2 f6 25. Qd3 Bb6 26. Qc4 Qe7 27. Qb3 Bc5 28. Rd2 b6 29. Rfd1 Ra7 30. Bc4 Rd7 31. Rxd7 Nxd7 32. Be6 Nb8 33. Rd3 Re8 34. Bc4 Rd8 35. Qd1 Rxd3 36. Qxd3 Qd6 37. Qc2 Nd7 38. Ba2 Qf8 39. Qb3 f5 40. exf5 gxf5 41. Ne3 Bxe3 42. fxe3 Qe8 43. Qc2 e4 44. Qd1 Nf6 45. Qd6 Qd7 46. Qe5 b5 47. axb5 cxb5 48. Be6 Qd2 49. Qc5 Qe1+ 50. Kh2 Ng4+ 51. hxg4 Qh4+ 52. Kg1 Qe1+ 53. Kh2 Qh4+ 1/2-1/2